 Dungeon Crawl Stone Soup version 0.26-a0-110-g95b6527cb0 (webtiles) character file.

Game seed: 15167517516898992319

728 Gargoyl the Chopper (level 7, 0/58 HPs)
             Began as a Centaur Abyssal Knight on June 23, 2020.
             Was a Priest of Lugonu.
             Slain by a bullfrog (6 damage)
             ... on level 5 of the Dungeon.
             The game lasted 00:07:43 (6922 turns).

Gargoyl the Chopper (Centaur Abyssal Knight)        Turns: 6922, Time: 00:07:43

Health: 0/58       AC:  9    Str: 15    XL:     7   Next: 44%
Magic:  9/9        EV:  2    Int: 11    God:    Lugonu [***...]
Gold:   167        SH:  6    Dex: 10    Spells: 6/6 levels left

rFire    . . .     SeeInvis .   a - +1 hand axe
rCold    . . .     Faith    .   d - +2 buckler
rNeg     . . .     Spirit   .   j - +0 plate armour
rPois    .         Reflect  .   (no helmet)
rElec    .         Harm     .   (no cloak)
rCorr    .                      (no gloves)
MR       .....                  (no barding)
Stlth    ..........             (no amulet)
HPRegen  0.19/turn              (no ring)
MPRegen  0.11/turn              (no ring)

@: very quick
A: large, hooves 3, deformed body, speed 2, tough skin 3
a: Depart the Abyss, Bend Space, Banish, Renounce Religion


You were on level 5 of the Dungeon.
You worshipped Lugonu.
Lugonu was most pleased with you.
You were hungry.

You visited 1 branch of the dungeon, and saw 5 of its levels.
You visited the Abyss 1 time.
You also visited: Sewer.

You collected 167 gold pieces.

Inventory:

Hand Weapons
 a - a +1 hand axe (weapon)
 e - a +2 morningstar of holy wrath
Missiles
 b - 9 boomerangs (quivered)
Armour
 d - a +2 buckler (worn)
 j - a +0 plate armour (worn)
Jewellery
 h - an uncursed amulet of reflection {unknown}
Scrolls
 i - 2 scrolls of blinking
 k - 2 scrolls of teleportation
 m - a scroll of remove curse
 n - 3 scrolls of identify
 o - a scroll of fog {unknown}
 q - a scroll of fear {unknown}
Potions
 f - 2 potions of stabbing
 g - 4 potions of curing {unknown}
 p - 2 potions of might {unknown}
 r - a potion of flight {unknown}
 t - a potion of magic
Comestibles
 c - 10 rations


   Skills:
 + Level 3.9 Fighting
 + Level 4.0 Axes
 + Level 0.3(2.4) Maces & Flails
 + Level 0.1 Throwing
 * Level 3.7 Armour
 + Level 1.1 Dodging
 * Level 2.2 Shields
 * Level 3.8 Invocations


You had 6 spell levels left.
You didn't know any spells.
Your spell library was empty.

Dungeon Overview and Level Annotations

Branches:
Dungeon (5/15)             Temple (0/1) D:5           Sewer (visited)

Altars:

Shops:
D:5 }


Innate Abilities, Weirdness & Mutations

You have hooves in place of feet.
Armour fits poorly on your strangely shaped body.
You cover ground very quickly.
You have extremely tough skin. (AC +3)


Message History

You hit the bullfrog. Your kick misses the bullfrog.
The bullfrog is lightly wounded.
The bullfrog hits you.
* * * LOW HITPOINT WARNING * * *
The bullfrog hits you.
* * * LOW HITPOINT WARNING * * *
You miss the bullfrog.
The bullfrog is lightly wounded.
The bullfrog hits you.
* * * LOW HITPOINT WARNING * * *
You block the bullfrog's attack.
You closely miss the bullfrog.
The bullfrog is lightly wounded.
The bullfrog hits you but does no damage.
You hit the bullfrog. You kick the bullfrog!
The bullfrog is severely wounded.
The bullfrog hits you.
* * * LOW HITPOINT WARNING * * *
The bullfrog hits you.
You die...

#.# #.# #.# #.#
##.## ... ####F#
#...@###
##.##...#####
#............
#......≈≈≈≈≈.
#....≈≈≈≈≈≈≈≈≈....
#..≈≈≈≈≈≈≈≈≈≈≈≈≈..##
#.≈≈≈≈≈≈...≈≈≈≈≈≈..#
#.≈≈≈≈≈≈.>.≈≈≈≈≈≈..#
#.≈≈≈≈≈≈...≈≈≈≈≈≈..#


You could see a bullfrog.

Vanquished Creatures
  An ice beast (D:5)
  A big kobold (Sewer)
  2 scorpions
  A howler monkey (D:2)
  An orc priest (D:3)
  An orc wizard (D:3)
  3 worker ants
  3 gnolls (D:5)
  9 adders
  3 river rats (Sewer)
  4 oozes (Sewer)
  An adder skeleton (D:5)
  7 worms
  A dart slug (D:1)
  3 leopard geckos (D:4)
  9 orcs
  11 giant cockroaches
  2 goblins (D:1)
  7 hobgoblins
  2 jackals (D:2)
  5 quokkas
  6 ball pythons
  7 bats
  6 frilled lizards
  13 kobolds
  10 rats
119 creatures vanquished.

Vanquished Creatures (others)
  A crimson imp (D:5)
1 creature vanquished.

Grand Total: 120 creatures vanquished

Notes
Turn   | Place    | Note
-------+----------+-------------------------------------------
     0 | Abyss:1  | Gargoyl the Centaur Abyssal Knight began the quest for the
                  | Orb.
     0 | Abyss:1  | Reached XP level 1. HP: 19/19 MP: 2/2
    61 | Abyss:2  | Noticed a crimson imp
    79 | Abyss:2  | Noticed a ynoxinul
    82 | Abyss:2  | Noticed a quasit
    96 | D:1      | Escaped the Abyss
   214 | D:1      | Reached * piety under Lugonu
   471 | D:1      | Reached skill level 2 in Axes
   471 | D:1      | Reached XP level 2. HP: 26/26 MP: 3/3
  1057 | D:2      | Noticed a howler monkey
  1059 | D:2      | Killed a howler monkey
  1059 | D:2      | Reached XP level 3. HP: 26/31 MP: 4/4
  1445 | D:2      | Reached XP level 4. HP: 38/38 MP: 5/5
  1809 | D:3      | Reached skill level 1 in Shields
  2142 | D:3      | Reached ** piety under Lugonu
  2858 | D:3      | Reached skill level 1 in Dodging
  2858 | D:3      | Reached XP level 5. HP: 26/45 MP: 6/6
  3388 | D:3      | Reached skill level 3 in Axes
  4415 | D:3      | Reached XP level 6. HP: 44/52 MP: 8/8
  4869 | D:4      | Found a glowing drain.
  4876 | Sewer    | Entered a sewer
  5661 | D:4      | Reached XP level 7. HP: 56/58 MP: 9/9
  5882 | D:4      | Reached *** piety under Lugonu
  6307 | D:5      | Entered Level 5 of the Dungeon
  6433 | D:5      | Found Ruibel's Gadget Boutique.
  6775 | D:5      | Found a staircase to the Ecumenical Temple.
  6880 | D:5      | Reached skill level 4 in Axes
  6922 | D:5      | Slain by a bullfrog

Illustrated notes

Levels and vault maps discovered:
D:1:      giann_wishing_wells, layout_basic, minivault_23
D:2:      layout_loops_cross
D:3:      layout_basic, first_ration, minmay_cupped
D:4:      layout_basic, gup_sewer_entry_pipe
D:5:      layout_loops_corners, overflow_temple_1_default, temple_pool_b,
          serial_shops, shop, shop, kennysheep_little_box, shop

Skill      XL: |  1  2  3  4  5  6  7 |
---------------+----------------------+-----
Axes           | 2 3 4 |  4.0
Armour         | 2 3 |  3.7
Shields        | 1 2 |  2.2
Dodging        | 1 |  1.1
Invocations    | 3 |  3.8
Fighting       | |  3.9
Maces & Flails | |  0.3
Throwing       | |  0.1

Action                   |  1- 3 |  4- 6 |  7- 9 || total
-------------------------+-------+-------+-------++-------
Melee: Hand axe          |    68 |   329 |   115 ||   512
       Morningstar       |     9 |       |       ||     9
       Kick              |     8 |    48 |    34 ||    90
Throw: Boomerang         |       |     7 |     5 ||    12
Invok: Depart the Abyss  |     1 |       |       ||     1
       Banish            |       |       |     1 ||     1
  Use: Scroll            |     4 |     4 |       ||     8
       Potion            |       |     4 |     2 ||     6
  Eat: Chunk             |     1 |     9 |     3 ||    13
       Ration            |       |     1 |       ||     1
Armor: Leather armour    |    39 |       |       ||    39
       Plate armour      |    21 |   230 |    61 ||   312
       Skin              |       |    27 |       ||    27
Dodge: Dodged            |    47 |    22 |    10 ||    79
Block: Buckler           |    24 |    79 |    19 ||   122

Table legend:
 A = Non-vault XP
 B = Vault XP
 C = Vault XP percentage of total XP
 D = Non-vault monster count
 E = Vault monster count
 F = Vault count percentage of total count
                 A         B        C        D         E       F
            +---------+---------+-------+---------+---------+-------
      Total |     759 |     281 |  27.0 |      83 |      37 |  30.8
            +---------+---------+-------+---------+---------+-------
        D:1 |      29 |       0 |   0.0 |      18 |       0 |   0.0
        D:2 |      80 |       0 |   0.0 |      18 |       0 |   0.0
        D:3 |     266 |      19 |   6.7 |      28 |       3 |   9.7
        D:4 |     135 |      15 |  10.0 |       9 |       6 |  40.0
        D:5 |     249 |       0 |   0.0 |      10 |       0 |   0.0
      Sewer |       0 |     247 | 100.0 |       0 |      28 | 100.0
            +---------+---------+-------+---------+---------+-------
